 Dungeon Crawl Stone Soup version 0.23.1 (webtiles) character file.

Game seed: 12487494031613919916

180 Borgoz the Ruffian (level 5, -1/45 HPs)
             Began as a Ghoul Warper on Mar 6, 2019.
             Was an Initiate of Ashenzari.
             Killed from afar by an orc wizard (4 damage)
             ... with a puff of frost
             ... on level 3 of the Dungeon.
             The game lasted 00:07:06 (3234 turns).

Borgoz the Ruffian (Ghoul Warper)                   Turns: 3234, Time: 00:07:07

Health: -1/45      AC:  3    Str: 18    XL:     5   Next: 60%
Magic:  5/7        EV: 12    Int:  8    God:    Ashenzari [......]
Gold:   93         SH:  0    Dex:  9    Spells: 7/9 levels left

rFire    . . .     SeeInvis .     - Unarmed
rCold    + . .     Gourm    .   (no shield)
rNeg     + + +     Faith    .   a - +0 leather armour
rPois    ∞         Spirit   .   (no helmet)
rElec    .         Reflect  .   (no cloak)
rCorr    .         Harm     .   (no gloves)
MR       .....                  (no boots)
Stlth    +.........             (no amulet)
HPRegen  0.00/turn              q - +3 ring of strength (curse)
MPRegen  0.10/turn              (no ring)

@: rotting, slowed, very slow
A: rotting body, claws 1, carnivore, cold resistance 1, negative energy
resistance 3, inhibited regeneration, torment resistance, unbreathing
a: Curse Item, Renounce Religion


You were on level 3 of the Dungeon.
You worshipped Ashenzari.
Ashenzari was noncommittal.
You were not hungry.

You visited 1 branch of the dungeon, and saw 3 of its levels.

You collected 93 gold pieces.

Inventory:

Missiles
 d - 3 tomahawks of dispersal (quivered)
 r - 7 poisoned needles
Armour
 a - a +0 leather armour (worn)
Jewellery
 q - a cursed +3 ring of strength (left claw)
Scrolls
 b - a scroll of remove curse
 c - 2 scrolls of blinking
 g - 2 scrolls of teleportation {unknown}
 i - 3 scrolls of fear
 j - a scroll of enchant armour {unknown}
 n - a scroll of immolation {unknown}
 p - a scroll of noise {unknown}
Potions
 e - a potion of brilliance
 l - 2 potions of cancellation
Comestibles
 f - 6 rations


   Skills:
 + Level 3.2 Fighting
 - Level 0.8 Throwing
 + Level 2.1 Armour
 + Level 2.6 Dodging
 + Level 3.3 Unarmed Combat
 + Level 2.5 Spellcasting
 + Level 2.9 Translocations


You had 7 spell levels left.
You knew the following spells:

 Your Spells              Type           Power        Failure   Level  Hunger
a - Blink                 Tloc           N/A          19%         2    ###....

Your spell library contained the following spells:

 Spells                   Type           Power        Failure   Level  Hunger
 Shroud of Golubria       Chrm/Tloc      #.........   32%         2    ###....
 Gell's Gravitas          Tloc           #.........   36%         3    ####...
 Lesser Beckoning         Tloc           #.........   36%         3    ####...
 Teleport Other           Tloc           #.......     36%         3    ####...
 Sting                    Conj/Pois      #...         38%         1    ##.....
 Poisonous Vapours        Pois/Air       #.....       52%         2    ###....
 Mephitic Cloud           Conj/Pois/Air  #.......     77%         3    ####...
 Passage of Golubria      Tloc           N/A          77%         4    #####..
 Olgreb's Toxic Radiance  Pois           #.......     99%         4    #####..
 Venom Bolt               Conj/Pois      #.........   100%        5    ######.


Dungeon Overview and Level Annotations

Branches:
Dungeon (3/15)

Altars:
Ashenzari
Gozag
Ru
Trog
Wu Jian


Innate Abilities, Weirdness & Mutations

Your body is rotting away.
You thrive on raw meat.
You are immune to poison.
You have sharp fingernails.
You are carnivorous and can eat meat at any time.
Your flesh is cold resistant. (rC+)
You are immune to negative energy. (rN+++)
You do not regenerate when monsters are visible.
You are immune to unholy pain and torment.
You can survive without breathing.


Message History

* * * LOW HITPOINT WARNING * * *
You scratch the orc wizard but do no damage.
The orc wizard is heavily wounded.
The orc wizard hits you but does no damage.
The orc wizard hits you with a +0 dagger of venom.
* * * LOW HITPOINT WARNING * * *
The orc wizard hits you with a +0 dagger.
* * * LOW HITPOINT WARNING * * *
The orc wizard looks encouraged for a moment.
Okay, then.
Okay, then.
Casting: Blink (safe; 19% risk of failure)
Confirm with . or Enter, or press ? or * to list all spells.
You don't know that spell.
Casting: Blink (safe; 19% risk of failure)
Confirm with . or Enter, or press ? or * to list all spells.
You blink.
The orc wizard points at you and mumbles some strange words.
The puff of frost hits you. You resist.
You die...

#....................#
#......###.....#.##### ....
#......###.#####.# ....
...##.##.....###.# .....
....#.#.8...8.##.# ..... #
#.# #.......##.# ...... #
#.# ...._......# ###......
###>###.......#..###........
.....##.8...8.##@##).#
......##.....###..o.##
......####.###.#..###
....#...............#
##.....#####......#.....
####..o...........##.###
######.##.........##..#
........######.........#
.#####o..# ##.....#..#


You could see an orc wizard.

Vanquished Creatures
  An orc priest (D:2)
  4 adders (D:2)
  4 oozes
  3 worms (D:2)
  A dart slug (D:2)
  4 leopard geckos
  6 orcs
  A ball python (D:1)
  7 bats
  5 giant cockroaches
  13 goblins
  6 hobgoblins
  4 jackals (D:1)
  5 frilled lizards
  7 kobolds
  7 rats
78 creatures vanquished.

Notes
Turn   | Place    | Note
-------+----------+-------------------------------------------
     0 | D:1      | Borgoz the Ghoul Warper began the quest for the Orb.
     0 | D:1      | Reached XP level 1. HP: 17/17 MP: 2/2
   129 | D:1      | Reached skill level 1 in Armour
   177 | D:1      | Reached XP level 2. HP: 20/25 MP: 3/3
   291 | D:1      | Reached XP level 3. HP: 17/30 MP: 5/5
  1338 | D:2      | Reached XP level 4. HP: 36/36 MP: 6/6
  1743 | D:2      | Learned a level 2 spell: Blink
  1754 | D:2      | Found a shattered altar of Ashenzari.
  1755 | D:2      | Found a bloodstained altar of Trog.
  1760 | D:2      | Found an opulent altar of Gozag.
  1761 | D:2      | Found a sacrificial altar of Ru.
  1761 | D:2      | Found an ornate altar of the Wu Jian Council.
  1945 | D:2      | Became a worshipper of Ashenzari the Shackled
  2001 | D:2      | Reached XP level 5. HP: 7/45 MP: 7/7
  2421 | D:2      | HP: 2/45 [orc/+0 mace (2)]
  3190 | D:3      | Found an opulent altar of Gozag.
  3234 | D:3      | Killed from afar by an orc wizard

Skill      XL: |  1  2  3  4  5 |
---------------+----------------+-----
Armour         | 1 2 |  2.1
Dodging        | 2 |  2.6
Spellcasting   | 2 |  2.5
Unarmed Combat | 3 |  3.3
Fighting       | 3 |  3.2
Throwing       | |  0.8
Translocations | |  2.9

Action                   |  1- 3 |  4- 6 || total
-------------------------+-------+-------++-------
Melee: Unarmed           |   132 |   197 ||   329
       Punch             |       |     3 ||     3
Throw: Tomahawk          |       |     2 ||     2
 Cast: Blink             |       |     3 ||     3
Invok: Curse Item        |       |     1 ||     1
  Use: Scroll            |       |     5 ||     5
       Potion            |       |     3 ||     3
  Eat: Chunk             |    10 |    19 ||    29
Armor: Leather armour    |    42 |    44 ||    86
Dodge: Dodged            |    91 |   152 ||   243
